 Dungeon Crawl Stone Soup version 0.26-a0-712-ga5a9c9c9d0 (webtiles) character file.

Game seed: 1024458594819802066

2776 kae the Insei (level 9, -4/54 HPs)
             Began as an Octopode Transmuter on Nov 6, 2020.
             Was an Elder of Hepliaklqana.
             Slain by an orc
             ... wielding a +0 hand axe
              (5 damage)
             ... on level 8 of the Dungeon.
             The game lasted 00:07:18 (10401 turns).

kae the Insei (Octopode Transmuter)                Turns: 10401, Time: 00:07:18

Health: -4/54      AC:  2    Str: 12    XL:     9   Next: 70%
Magic:  10/13      EV: 26    Int: 15    God:    Hepliaklqana [****..]
Gold:   394        SH:  0    Dex: 24    Spells: 10/14 levels left

rFire    + . .     SeeInvis .     - Unarmed
rCold    x . .     Faith    .   (shield currently unavailable)
rNeg     . . .     Spirit   .   (helmet currently unavailable)
rPois    x         Reflect  .   (no amulet)
rElec    .         Harm     .   q - +6 ring of dexterity
rCorr    .         Rampage  .   p - ring of fire
MR       .....                  (no ring)
Stlth    ++........             (no ring)
HPRegen  0.18/turn              (no ring)
MPRegen  0.13/turn              (no ring)
                                (no ring)
                                (no ring)

@: spider-form
A: tiny, almost no armour, stealthy swim, (amphibious), 8 rings, (constrict 8),
reduced essence
a: End Transformation, Recall Ancestor, Ancestor Identity, Transference,
Idealise, Renounce Religion


You were on level 8 of the Dungeon.
You worshipped Hepliaklqana.
Hepliaklqana was greatly pleased with you.
You were a venomous arachnid creature.
You visited 2 branches of the dungeon, and saw 10 of its levels.

You collected 394 gold pieces.

Inventory:

Jewellery
 p - a ring of fire (right front leg)
 q - a +6 ring of dexterity (left front leg)
 x - an uncursed amulet of regeneration {unknown}
Wands
 u - a wand of random effects (15)
 v - a wand of polymorph (8)
 w - a wand of flame (20)
Scrolls
 a - a scroll of enchant weapon
 b - 3 scrolls of remove curse
 e - 4 scrolls of identify
 g - 4 scrolls of fear
 j - 4 scrolls of magic mapping
 n - a scroll of teleportation
 o - a scroll of noise {unknown}
 r - a scroll of amnesia
Potions
 c - a potion of curing
 d - 2 potions of brilliance
 f - a potion of lignification {unknown}
 h - a potion of invisibility {unknown}
 i - 3 potions of stabbing
 k - a potion of cancellation {unknown}
 l - a potion of resistance
 m - 3 potions of degeneration {unknown}
 s - a potion of flight {unknown}
 t - a potion of heal wounds {unknown}
 z - 2 potions of haste {unknown}


   Skills:
 + Level 5.0 Fighting
 + Level 5.5 Dodging
 * Level 7.9 Unarmed Combat
 - Level 3.0 Spellcasting
 * Level 7.5 Transmutations
 - Level 2.0 Poison Magic


You had 10 spell levels left.
You knew the following spells:

 Your Spells              Type           Power        Failure   Level
a - Beastly Appendage     Tmut           ####..       4%          1
b - Spider Form           Tmut/Pois      ###.......   22%         3

Your spell library contained the following spells:

 Spells                   Type           Power        Failure   Level
 Wereblood                Tmut           ####....     6%          2
 Blade Hands              Tmut           ####......   45%         5
 Ice Form                 Ice/Tmut       ##......     61%         4
 Petrify                  Tmut/Erth      ##......     61%         4
 Confusing Touch          Hex            #.......     73%         3
 Gell's Gravitas          Tloc           #.........   73%         3
 Yara's Violent Unravell  Hex/Tmut       ##........   89%         5
 Metabolic Englaciation   Hex/Ice        #.........   100%        5


Dungeon Overview and Level Annotations

Branches:
Dungeon (9/15)             Temple (1/1) D:5            Lair (0/6) D:8
    Orc: D:9-12

Altars:
Ashenzari
Cheibriados
Dithmenos
Elyvilon
Fedhas
Gozag
Hepliaklqana
Kikubaaqudgha
Makhleb
Nemelex Xobeh
Okawaru
Qazlal
Ru
Sif Muna
Trog
Uskayaw
Vehumet
Wu Jian
Xom
Yredelemnul
Zin
The Shining One


Innate Abilities, Weirdness & Mutations

You cannot wear most types of armour.
You are very stealthy in the water. (Stealth+)
((You are amphibious.))
You can wear up to eight rings at the same time.
((You can use your tentacles to constrict eight enemies at once.))
((Your skin changes colour to match your surroundings (Stealth+).))
((Your rubbery body absorbs attacks. (AC +1, EV +1)))
Your life essence is reduced to manifest your ancestor. (-10% HP)


Message History

There are monsters nearby!
There are monsters nearby!
An orc comes into view. It is wielding a +0 hand axe.
Casting: Spider Form (dangerous; 9% risk of failure)
Confirm with . or Enter, or press ? or * to list all spells.
You turn into a venomous arachnid creature.
The orc shouts!
The orc warrior completely misses you.
The orc warrior hits you with a +0 battleaxe of electrocution!!
You barely miss the orc warrior. The orc misses you. The orc barely misses you.
Nomusa hits the orc warrior with a +0 dagger of draining.
You hit the orc warrior but do no damage.
The orc warrior is poisoned.
The orc warrior is lightly wounded.
The orc warrior hits you with a +0 battleaxe of electrocution!!
* * * LOW HITPOINT WARNING * * *
The orc warrior barely misses Nomusa.
The orc hits you with a +0 falchion.
* * * LOW HITPOINT WARNING * * *
The orc hits you with a +0 hand axe.
You die...

......... .........
......... # ......# #.
+#
..#########.#.####(###
...#........#........#
##.#.####..........#.#
.#.>.####.###..oo....#
.#.#............so#
..........###.###R#
..........# #.# ###
.....###### #.#...
..##.# #.###.#(###
..##.# #.........#
+###.# #.###.#...# #.#
#####.#...#
#........##.#


You could see the friendly Nomusa the hexer, an orc warrior (very poisoned) and
2 orcs.

Vanquished Creatures
  Sigmund (D:4)
  Edmund (D:5)
  A black bear (D:7)
  2 sky beasts (D:6)
  An ice beast (D:5)
  An orc warrior (D:8)
  A phantom (D:5)
  3 ogres
  2 bullfrogs
  A gnoll sergeant (D:6)
  2 scorpions
  A wyvern skeleton (D:6)
  4 killer bees (D:5)
  A howler monkey (D:7)
  A bullfrog zombie (D:8)
  A centaur zombie (D:7)
  3 orc priests
  3 hounds
  2 bullfrog skeletons
  3 orc wizards
  3 iguanas
  7 worker ants
  5 gnolls (D:6)
  A howler monkey skeleton (D:8)
  9 adders
  2 shadow imps
  2 ufetubi
  An ooze (D:7)
  An adder skeleton (D:6)
  4 worms
  A dart slug (D:1)
  A leopard gecko (D:1)
  24 orcs
  2 ball pythons
  7 giant cockroaches
  3 goblins
  7 hobgoblins
  16 jackals
  2 quokkas
  6 bats
  4 frilled lizards
  9 kobolds
  2 leopard gecko skeletons
  8 rats
162 creatures vanquished.

Vanquished Creatures (collateral kills)
  Blork the orc (D:5)
  A scorpion (D:5)
  2 orc wizards
  2 worker ants
  2 adders (D:4)
  An adder skeleton (D:5)
  4 orcs
  2 jackals
  A frilled lizard (D:3)
16 creatures vanquished.

Vanquished Creatures (others)
  2 hexers
  2 ancestors (D:4)
  11 plants (D:1)
15 creatures vanquished.

Grand Total: 193 creatures vanquished

Notes
Turn   | Place    | Note
-------+----------+-------------------------------------------
     0 | D:1      | kae the Octopode Transmuter began the quest for the Orb.
     0 | D:1      | Reached XP level 1. HP: 13/13 MP: 3/3
   192 | D:1      | Reached XP level 2. HP: 18/18 MP: 5/5
  1107 | D:2      | Reached XP level 3. HP: 23/23 MP: 6/6
  1112 | D:2      | Learned a level 3 spell: Spider Form
  2024 | D:3      | Reached XP level 4. HP: 28/28 MP: 5/7
  2739 | D:3      | Found a hazy altar of Hepliaklqana.
  2750 | D:3      | Became a worshipper of Hepliaklqana the Forgotten
  3699 | D:4      | Reached skill level 1 in Poison Magic
  3813 | D:4      | Reached XP level 5. HP: 17/30 MP: 2/8
  4101 | D:4      | Reached * piety under Hepliaklqana
  4310 | D:4      | Reached XP level 6. HP: 16/35 MP: 5/10
  4661 | D:4      | Noticed Sigmund
  4699 | D:4      | Killed Sigmund
  4699 | D:4      | Reached XP level 7. HP: 40/40 MP: 7/11
  5115 | D:5      | Entered Level 5 of the Dungeon
  5134 | D:5      | Found a staircase to the Ecumenical Temple.
  5154 | Temple   | Entered the Ecumenical Temple
  5588 | D:5      | Reached skill level 5 in Unarmed Combat
  6023 | D:5      | Reached ** piety under Hepliaklqana
  6024 | D:5      | Remembered your ancestor Nomusa as a hexer
  6071 | D:5      | Reached skill level 5 in Transmutations
  6071 | D:5      | Reached XP level 8. HP: 19/46 MP: 9/12
  6428 | D:5      | Noticed Blork the orc
  6436 | D:5      | Killed Blork the orc
  6730 | D:5      | Noticed Edmund
  6748 | D:5      | Killed Edmund
  7715 | D:6      | Reached *** piety under Hepliaklqana
  8054 | D:6      | Reached XP level 9. HP: 18/52 MP: 8/13
  8457 | D:6      | You fall into a shaft and drop 3 floors!
  8835 | D:7      | Reached skill level 5 in Dodging
  9774 | D:7      | Reached **** piety under Hepliaklqana
  9840 | D:8      | Found a staircase to the Lair.
 10185 | D:8      | Found a hazy altar of Hepliaklqana.
 10257 | D:8      | Reached skill level 5 in Fighting
 10401 | D:8      | HP: 1/54 [orc/+0 falchion (3)]
 10401 | D:8      | Slain by an orc

Illustrated notes

Levels and vault maps discovered:
D:1:      mainiacjoe_arrival_reflecting_pool, layout_basic, minivault_14,
          serial_bayou_lagoon_a, hangedman_decor_clover_reticule
D:2:      layout_rooms
D:3:      layout_basic, overflow_temple_1_default, kennysheep_nub,
          minmay_parallelograms
D:4:      layout_basic, glass_columns_b, uniq_sigmund
D:5:      layout_layer_cave, minmay_temple_entry_sparse_star, uniq_edmund,
          uniq_blork_the_orc
D:6:      layout_loops_cross
D:7:      layout_gridville
D:8:      layout_basic, lair_entry_dummy, basic_altar, hangedman_decor_lopped
D:9:      layout_basic, uniq_erica
Temple:   kilobyte_greek_temple

Skill      XL: |  1  2  3  4  5  6  7  8  9 |
---------------+----------------------------+-----
Poison Magic   | 1 2 |  2.0
Transmutations | 3 4 5 6 7 |  7.5
Fighting       | 2 3 4 5 |  5.0
Unarmed Combat | 4 5 6 7 |  7.9
Dodging        | 3 4 5 |  5.5
Spellcasting   | 3 |  3.0

Action                   |  1- 3 |  4- 6 |  7- 9 || total
-------------------------+-------+-------+-------++-------
Melee: Unarmed           |    90 |   114 |   316 ||   520
       Constrict         |    30 |    28 |    16 ||    74
       Tentacles         |    21 |    15 |    12 ||    48
       Kick              |    13 |    17 |     4 ||    34
       Punch             |     2 |     3 |     2 ||     7
 Cast: Beastly Appendage |    18 |    16 |     1 ||    35
       Spider Form       |     1 |     3 |    38 ||    42
Invok: Ancestor Life: He |       |       |     1 ||     1
  Use: Potion            |       |     1 |     2 ||     3
       Scroll            |       |       |    15 ||    15
 Stab: Sleeping          |     4 |    11 |     4 ||    19
       Distracted        |       |       |     3 ||     3
       Confused          |       |       |     1 ||     1
Armor: Skin              |     8 |     4 |    11 ||    23
Dodge: Dodged            |    47 |    87 |   299 ||   433

Table legend: (Time is in decaauts)
 A = Elapsed time spent in this place.
 B = Non-inter-level travel time spent in this place.
 C = Inter-level travel time spent in this place.
 D = Time resting spent in this place.
 E = Time spent auto-exploring this place.
 F = Levels seen in this place.
 G = Mean time per level.
                   A        B        C        D        E       F      G
               +--------+--------+--------+--------+--------+-----+--------+
         Total |  10355 |  10097 |    258 |   1247 |   7517 |  10 | 1035.5 |
       Dungeon |   9987 |   9765 |    222 |   1239 |   7195 |   9 | 1109.7 |
        Temple |    367 |    332 |     35 |      8 |    322 |   1 |  367.0 |
               +--------+--------+--------+--------+--------+-----+--------+

Top non-repeatable levels by time:
     D:5: 1760 daAuts
     D:4: 1694 daAuts
     D:3: 1467 daAuts
     D:2: 1207 daAuts
     D:6: 1123 daAuts
     D:7: 1093 daAuts
     D:1: 1004 daAuts
     D:8: 628 daAuts
  Temple: 367 daAuts
     D:9: 7 daAuts
